Map: Ascension to Aiur LE

Players

Denver - Winner!

  • Race: Zerg Zerg
  • Spawn Location: 5:00

ShoWTimE

  • Race: Protoss Protoss
  • Spawn Location: 11:00

Event: WCS Valencia 2017

VOD

Have the link to the VOD?

Description

Time

  • Played on: July 13, 2017, 10:27 a.m.
  • Length: 26:27

All games in this series

Show
View Real Time Build Order
Export as new Build Order

Denver Zerg - Winner!

Build Orders: Hatch First, Lurkers 

Get SALT Encoding   

  12  0:00  Drone  
  13  0:12  Overlord  
  13  0:17  Drone  
  14  0:30  Drone  
  14  0:31  Drone  
  16  0:36  Drone  
  17  0:50  Hatchery  
  17  0:55  Drone  
  17  0:59  Extractor  
  17  1:00  Drone  
  17  1:14  Spawning Pool  
  17  1:17  Drone  
  17  1:20  Drone  
  18  1:30  Drone  
  19  1:39  Overlord  
  19  1:52  Drone  
  20  2:01  Queen, Metabolic Boost  
  20  2:02  Queen  
  20  2:06  Zergling x2  
  26  2:08  Zergling x2  
  26  2:12  Drone  
  26  2:14  Drone  
  29  2:22  Drone  
  29  2:26  Drone  
  30  2:37  Hatchery  
  29  2:40  Drone  
  29  2:41  Drone  
  31  2:46  Overlord  
  31  2:48  Drone  
  32  2:55  Queen  
  34  3:00  Drone x2  
  36  3:08  Drone  
  36  3:12  Drone x4  
  41  3:13  Drone  
  41  3:18  Overlord  
  42  3:26  Lair  
  43  3:27  Drone  
  43  3:29  Drone  
  44  3:37  Extractor x2  
  44  3:38  Roach Warren  
  44  3:39  Drone  
  44  3:41  Drone  
  43  3:44  Drone  
  43  3:46  Drone x2  
  46  3:54  Drone x2  
  48  3:58  Drone  
  48  4:02  Pneumatized Carapace  
  48  4:04  Drone x3  
  48  4:05  Overlord  
  51  4:12  Overlord  
  51  4:19  Roach x3  
  57  4:28  Roach x4  
  65  4:31  Overlord  
  65  4:35  Overseer  
  65  4:36  Drone x2  
  65  4:38  Drone  
  68  4:42  Drone x3  
  68  4:44  Extractor  
  70  4:45  Glial Reconstitution  
  70  4:49  Overlord  
  70  4:52  Drone x2  
  72  4:55  Drone  
  72  4:56  Drone  
  72  4:58  Overlord  
  74  5:02  Drone  
  74  5:03  Evolution Chamber  
  74  5:05  Drone x2  
  75  5:12  Drone  
  75  5:13  Drone x4  
  80  5:15  Overseer  
  80  5:20  Drone x4  
  84  5:26  Roach x3  
  87  5:37  Drone  
  87  5:38  Drone x4  
  88  5:45  Drone  
  88  5:46  Drone x3  
  86  5:50  Drone x5  
  86  5:51  Drone  
  86  5:54  Zerg Missile Weapons Level 1  
  91  5:59  Drone x2, Hydralisk Den  
  91  6:00  Drone  
  91  6:01  Drone  
  94  6:04  Extractor  
  94  6:05  Queen  
  94  6:06  Extractor  
  94  6:10  Overlord  
  94  6:12  Overlord  
  94  6:13  Overlord  
  94  6:22  Overlord  
  94  6:26  Overlord  
  94  6:30  Hydralisk x5, Muscular Augments  
  104  6:40  Hydralisk  
  104  6:41  Hydralisk  
  108  6:47  Hydralisk x3  
  108  6:48  Hatchery  
  108  6:49  Hydralisk  
  114  6:56  Hydralisk x3  
  114  6:59  Overlord  
  120  7:02  Hydralisk  
  120  7:03  Hydralisk  
  120  7:07  Overlord  
  124  7:08  Hydralisk  
  124  7:09  Hydralisk  
  128  7:15  Overlord x2  
  128  7:21  Hydralisk x3  
  134  7:26  Overlord  
  134  7:27  Hydralisk  
  134  7:28  Hydralisk  
  138  7:32  Overlord  
  138  7:36  Hydralisk x3  
  142  7:38  Overlord  
  144  7:45  Hydralisk x3  
  144  7:47  Overlord  
  150  7:54  Hydralisk x3  
  150  7:58  Overlord  
  156  7:59  Zergling x2  
  156  8:00  Zergling x4  
  159  8:09  Overseer  
  153  8:20  Roach x7  
  153  8:21  Roach x4, Overlord  
  153  8:25  Overlord  
  165  8:27  Roach x2  
  165  8:30  Queen  
  165  8:33  Zerg Missile Weapons Level 2  
  167  8:35  Roach  
  163  8:42  Zergling x2  
  163  8:43  Zergling x12  
  159  8:50  Roach x2  
  159  8:51  Roach  
  145  8:57  Drone x5  
  145  8:58  Drone  
  151  9:02  Lurker Den  
  151  9:08  Hydralisk  
  151  9:09  Hydralisk x2  
  157  9:13  Hydralisk x2  
  157  9:29  Roach x7  
  157  9:30  Roach  
  162  9:36  Overseer x2  
  162  9:40  Hydralisk  
  162  9:41  Hydralisk x4  
  172  9:55  Roach x8  
  172  9:56  Overlord  
  174  10:07  Roach  
  174  10:08  Roach x8  
  186  10:17  Roach x6  
  191  10:46  Roach  
  191  10:47  Roach x9  
  197  10:53  Spire  
  196  10:57  Overseer  
  196  11:06  Queen  
  196  11:11  Ravager  
  196  11:13  Overseer  
  186  11:35  Ravager x10  
  186  11:38  Extractor  
  186  11:39  Extractor, Drone x3  
  197  11:40  Hatchery  
  197  11:42  Spine Crawler  
  195  12:05  Zerg Ground Armor Level 1  
  195  12:07  Infestation Pit  
  194  12:22  Lurker x5  
  199  12:26  Overlord  
  199  12:35  Extractor  
  199  12:36  Extractor  
  195  12:40  Hydralisk x2  
  185  12:58  Lurker x3  
  183  12:59  Lurker x4  
  186  13:06  Roach  
  186  13:07  Roach x6  
  176  13:22  Roach  
  176  13:23  Hydralisk, Roach x12  
  196  13:36  Drone x3  
  199  13:41  Hive  
  199  14:05  Spire, Drone  
  196  14:54  Drone x3  
  196  14:55  Drone  
  128  15:16  Mutalisk  
  128  15:17  Mutalisk x19  
  138  15:29  Roach x10  
  138  15:30  Roach  
  160  15:40  Mutalisk x2  
  141  16:09  Mutalisk  
  141  16:10  Mutalisk x5  
  147  16:18  Drone x9  
  156  16:32  Hatchery x2, Roach x6  
  173  16:33  Roach x5  
  173  16:39  Mutalisk  
  178  16:50  Zerg Flyer Weapons Level 1  
  178  16:57  Mutalisk  
  172  17:13  Mutalisk x3  
  132  17:58  Hydralisk x13  
  125  18:06  Overlord  
  117  18:13  Hydralisk x3  
  117  18:19  Hydralisk  
  119  18:20  Hydralisk  
  119  18:25  Drone x3  
  124  18:32  Hydralisk x2  
  128  18:35  Hydralisk  
  126  18:46  Hydralisk x3  
  126  18:47  Hydralisk  
  134  18:56  Roach x4  
  132  19:10  Hydralisk x5  
  132  19:16  Drone x2  
  132  19:17  Baneling Nest  
  135  19:26  Roach x4  
  143  19:34  Drone x2  
  134  19:49  Roach x9  
  134  19:50  Roach  
  95  20:03  Roach x4  
  95  20:04  Roach  
  95  20:05  Drone  
  102  20:12  Drone x3  
  102  20:13  Drone  
  106  20:21  Hydralisk x2  
  110  20:29  Roach x3  
  116  20:37  Hydralisk x2  
  116  20:40  Centrifical Hooks  
  120  20:50  Hydralisk x2  
  120  20:54  Extractor  
  123  21:02  Extractor, Drone x6  
  123  21:03  Drone x2  
  128  21:04  Extractor  
  125  21:27  Hydralisk  
  125  21:28  Hydralisk x4  
  125  21:32  Drone x6  
  130  21:41  Overseer  
  130  21:42  Roach  
  130  21:43  Zergling x6  
  130  21:44  Zergling x6  
  138  21:50  Overseer  
  138  21:53  Zergling x2, Roach x2  
  138  21:54  Zergling x2  
  144  22:01  Overlord  
  137  22:22  Roach x4  
  131  22:23  Roach x5  
  84  22:46  Hydralisk, Roach x7  
  96  22:56  Drone x2  
  96  22:57  Drone x4  
  96  22:58  Drone  
  103  23:15  Roach x6  
  111  23:23  Hydralisk  
  111  23:28  Hydralisk  
  111  23:29  Hydralisk  
  111  23:33  Hydralisk  
  113  23:42  Hydralisk x3  
  113  23:48  Hydralisk x2  
  121  23:54  Hydralisk x2  
  126  24:02  Hydralisk x3  
  124  24:27  Overseer  
  124  24:28  Hydralisk x2  
  124  24:29  Hydralisk x2  
  128  24:35  Zergling x26  
  133  24:44  Zergling x10  
  118  24:59  Roach  
  115  25:00  Roach x5  
  115  25:05  Drone x3  
  122  25:23  Zergling x10  
  122  25:24  Zergling x4  
  126  25:28  Baneling  
  126  25:29  Baneling x3  
  125  25:41  Hydralisk x2  
  117  26:00  Drone x3  
  117  26:01  Drone x9  
  117  26:03  Overseer  
  123  26:12  Baneling  
  123  26:13  Baneling x6  
Show
View Real Time Build Order
Export as new Build Order

ShoWTimE Protoss 

Build Orders: Nexus First, Zealot Archon, Dark Templar Rush 

Get SALT Encoding   

  12  0:00  Probe (Chrono Boost)  
  13  0:11  Probe (Chrono Boost)  
  14  0:17  Pylon  
  14  0:22  Probe (Chrono Boost)  
  16  0:35  Probe (Chrono Boost)  
  16  0:46  Probe (Chrono Boost)  
  17  0:58  Nexus  
  17  1:07  Gateway  
  17  1:10  Probe (Chrono Boost)  
  18  1:17  Assimilator  
  18  1:21  Probe (Chrono Boost)  
  18  1:23  Assimilator  
  19  1:31  Probe (Chrono Boost)  
  20  1:40  Gateway  
  20  1:42  Probe (Chrono Boost)  
  21  1:53  Probe (Chrono Boost)  
  22  1:54  Cybernetics Core  
  22  2:01  Pylon  
  22  2:03  Probe (Chrono Boost)  
  23  2:10  Zealot (Chrono Boost), Probe (Chrono Boost)  
  23  2:15  Probe  
  27  2:20  Probe  
  28  2:27  Probe (Chrono Boost)  
  29  2:31  Stalker (Chrono Boost), Warp Gate  
  29  2:32  Probe (Chrono Boost)  
  32  2:41  Probe (Chrono Boost)  
  32  2:43  Probe (Chrono Boost)  
  34  2:47  Twilight Council  
  34  2:52  Probe (Chrono Boost)  
  34  2:53  Probe (Chrono Boost)  
  36  3:03  Probe (Chrono Boost)  
  36  3:04  Probe (Chrono Boost)  
  38  3:07  Robotics Facility  
  38  3:13  Probe (Chrono Boost)  
  38  3:15  Mothership Core (Chrono Boost)  
  38  3:19  Pylon  
  41  3:24  Probe (Chrono Boost)  
  42  3:32  Assimilator  
  42  3:33  Probe (Chrono Boost)  
  43  3:34  Probe (Chrono Boost)  
  43  3:36  Dark Shrine  
  44  3:44  Probe (Chrono Boost)  
  44  3:45  Probe (Chrono Boost)  
  44  3:46  Assimilator  
  46  3:50  Gateway  
  46  3:54  Probe x2 (Chrono Boost)  
  46  3:55  Gateway  
  48  3:59  Warp Prism (Chrono Boost)  
  50  4:05  Probe x2  
  50  4:06  Pylon  
  52  4:16  Probe, Pylon  
  52  4:17  Probe  
  54  4:34  Nexus  
  54  4:35  Probe  
  54  4:36  Pylon, Probe  
  56  4:48  Dark Templar x2  
  56  4:49  Probe  
  56  4:51  Probe  
  63  4:52  Observer (Chrono Boost)  
  63  5:00  Probe  
  63  5:03  Probe  
  65  5:09  Pylon  
  65  5:10  Probe  
  66  5:15  Probe  
  67  5:21  Probe, Dark Templar x3  
  67  5:22  Dark Templar  
  67  5:27  Probe  
  75  5:31  Immortal (Chrono Boost)  
  75  5:32  Probe  
  80  5:39  Probe  
  80  5:41  Charge (Chrono Boost)  
  81  5:42  Probe  
  80  5:50  Probe  
  80  5:51  Forge, Probe  
  80  5:53  Probe  
  81  6:01  Probe, Dark Templar  
  81  6:02  Archon  
  81  6:03  Probe, Immortal (Chrono Boost)  
  85  6:08  Probe, Gateway  
  85  6:09  Gateway  
  90  6:11  Archon  
  90  6:12  Gateway  
  90  6:17  Pylon  
  90  6:18  Probe  
  92  6:20  Gateway  
  92  6:21  Probe  
  92  6:23  Assimilator  
  92  6:26  Pylon  
  92  6:27  Assimilator  
  92  6:28  Protoss Ground Weapons Level 1 (Chrono Boost)  
  92  6:35  Immortal  
  92  6:38  Templar Archives  
  92  6:44  Zealot x3  
  102  6:48  Sentry  
  104  7:06  Nexus  
  104  7:07  Dark Templar  
  106  7:08  Pylon  
  106  7:12  Pylon, Sentry x2  
  106  7:13  Sentry  
  112  7:19  Immortal  
  112  7:22  Photon Cannon  
  112  7:24  Photon Cannon  
  112  7:28  Photon Cannon  
  112  7:29  Photon Cannon  
  116  7:32  Photon Cannon  
  116  7:38  Zealot  
  116  7:39  Zealot x4  
  116  7:41  Probe  
  116  7:43  Probe  
  123  7:51  Zealot  
  123  7:53  Immortal  
  129  8:00  Pylon  
  129  8:03  Pylon  
  125  8:05  Sentry  
  125  8:06  Zealot x3, Sentry  
  129  8:24  Gateway  
  129  8:26  Zealot x3  
  133  8:27  Gateway  
  133  8:29  Gateway  
  133  8:31  Immortal  
  133  8:32  Zealot x2  
  138  8:48  High Templar x2  
  122  8:49  Zealot  
  122  8:54  Archon  
  111  8:57  Probe x3  
  114  9:05  Immortal  
  114  9:07  Protoss Ground Weapons Level 2 (Chrono Boost)  
  114  9:11  Gateway  
  114  9:12  Gateway  
  114  9:14  High Templar x3  
  124  9:18  Archon  
  124  9:21  Zealot, High Templar  
  128  9:25  Archon  
  128  9:33  High Templar x2  
  128  9:37  Nexus, Archon  
  132  9:43  Immortal  
  132  9:45  Zealot x2  
  136  9:46  Zealot  
  136  9:47  Zealot  
  136  9:52  Zealot  
  144  10:01  Zealot  
  144  10:05  Pylon  
  144  10:07  Pylon  
  144  10:08  Pylon  
  144  10:11  Pylon  
  138  10:20  Zealot x4  
  138  10:21  Zealot, Immortal  
  148  10:22  Psionic Storm  
  148  10:33  High Templar  
  148  10:34  High Templar x3  
  148  10:47  Nexus  
  146  10:55  High Templar x2  
  150  11:09  Immortal  
  154  11:15  Zealot x5  
  155  11:30  Pylon  
  155  11:32  Pylon  
  151  11:38  Pylon  
  151  11:43  Protoss Ground Weapons Level 3 (Chrono Boost)  
  151  11:44  Pylon  
  151  11:53  Observer  
  152  11:57  High Templar x2  
  156  12:02  Archon  
  156  12:03  Zealot x2  
  156  12:04  Zealot  
  156  12:05  Pylon  
  160  12:18  Nexus  
  160  12:22  Pylon  
  160  12:32  Immortal  
  160  12:36  Zealot x3  
  170  12:49  Zealot x3  
  170  12:50  Zealot  
  174  12:53  Stargate  
  170  12:59  Photon Cannon  
  166  13:12  Observer  
  149  13:28  High Templar x5  
  149  13:29  High Templar  
  149  13:33  Immortal, Archon  
  149  13:34  Archon  
  165  13:35  Probe x4  
  155  13:51  Phoenix (Chrono Boost)  
  157  13:56  Assimilator  
  157  14:01  High Templar x2, Assimilator  
  157  14:02  High Templar x2  
  165  14:07  Archon x2  
  165  14:09  Photon Cannon  
  163  14:10  Pylon  
  163  14:12  Immortal  
  167  14:27  Zealot x5  
  177  14:36  Nexus  
  177  14:38  Pylon  
  177  14:51  Immortal, High Templar x3  
  177  14:52  High Templar  
  187  14:55  Zealot x5  
  165  15:18  Zealot x5  
  163  15:23  Phoenix (Chrono Boost)  
  163  15:31  Immortal  
  163  15:34  High Templar x4  
  175  15:38  Archon x2  
  175  15:45  Phoenix (Chrono Boost)  
  175  15:47  Probe x2  
  179  15:53  Fleet Beacon  
  159  16:06  Phoenix (Chrono Boost)  
  153  16:16  Stalker x2  
  153  16:17  Stalker x2  
  155  16:25  Assimilator  
  155  16:28  Assimilator, Phoenix (Chrono Boost)  
  157  16:33  Zealot x4  
  164  16:50  Phoenix (Chrono Boost)  
  163  16:59  Zealot x3, High Templar x2  
  173  17:05  Archon  
  169  17:12  Phoenix (Chrono Boost)  
  171  17:16  Zealot x4, Photon Cannon  
  171  17:17  Photon Cannon  
  171  17:19  Photon Cannon  
  171  17:21  Photon Cannon  
  166  17:33  Phoenix (Chrono Boost)  
  154  17:41  Zealot x3  
  144  17:50  Zealot x2  
  144  17:55  Phoenix (Chrono Boost)  
  134  18:01  High Templar x2  
  122  18:05  Archon  
  122  18:11  Immortal  
  112  18:17  Phoenix (Chrono Boost)  
  110  18:22  Zealot  
  110  18:23  Zealot  
  114  18:38  Phoenix (Chrono Boost)  
  114  18:41  High Templar  
  118  18:48  High Templar  
  120  18:51  Observer  
  120  18:54  Zealot x2  
  120  18:55  Zealot x2  
  129  19:07  High Templar  
  121  19:17  High Templar  
  111  19:25  Zealot x3  
  111  19:26  Zealot x3  
  89  19:50  Archon  
  75  19:54  Archon  
  75  19:58  Immortal  
  71  20:06  High Templar  
  69  20:17  Nexus, High Templar  
  71  20:31  Zealot x3  
  77  20:48  Immortal  
  81  20:59  Dark Templar  
  79  21:13  Pylon  
  79  21:18  Dark Templar  
  79  21:19  Zealot  
  80  21:38  Immortal  
  82  21:46  Zealot x3  
  88  21:49  Probe x2  
  88  21:50  Probe  
  91  21:59  Zealot x2  
  88  22:14  Zealot x3  
  68  22:26  Zealot x5  
  74  22:36  Zealot x2  
  72  22:45  Probe x2  
  72  22:46  Probe x2  
  68  22:56  High Templar x2  
  72  23:00  Zealot  
  72  23:10  Probe x2  
  72  23:11  Probe, Pylon  
  73  23:17  Archon  
  72  23:23  Zealot  
  74  23:32  Zealot x2  
  76  23:37  Zealot  
  76  23:46  Probe x2  
  76  23:47  Probe x2  
  78  23:56  Dark Templar  
  78  24:01  Zealot  
  76  24:14  Zealot x3  
  56  24:32  Zealot x2  
  56  24:33  Zealot  
  58  24:43  Immortal  
  58  24:54  Zealot x3  
  58  24:59  Zealot  
  63  25:08  Zealot x2  
  63  25:10  Zealot  
  69  25:20  Zealot  
  65  25:32  Dark Templar  
  67  25:41  Zealot x2  
  67  25:46  Zealot  
  58  26:12  Zealot x2  
  58  26:15  Zealot  
Tags
 
Add a new tag
Caveats
  • Supply blocks, unpowered buildings, or Contaminate may cause inaccurate times.
  • Supply counts are checked every 10 seconds.